Canucks vs Sharks

Created - April-21-13 at 10:29

Goals
1 2 3 OT1 T
Canucks 1 1 1 1 4
Sharks 2 0 1 0 3
Shots
1 2 3 OT1 T
Canucks 7 5 19 1 32
Sharks 6 11 10 1 28

1st period

1. Sharks , Jannik Hansen 1 (Lauri Korpikoski, Andrew Ference) at 3:45
2. Sharks , Ryan Malone 1 (Jaromir Jagr, Andrew Ference) at 5:19
3. Canucks , Maxime Talbot 1 (Ryan OReilly, Brooks Laich) at 14:30

Penalties :
Johnny Boychuk (SJS) for Hooking (Minor) at 8:50, Andrew Shaw (SJS) for Roughing (Minor) at 12:04, Dmitry Kulikov (VAN) for Roughing (Minor) at 18:07

2nd period

4. Canucks , Mikko Koivu 2 (Phil Kessel, Loui Eriksson) at 1:19

Penalties :
Erik Karlsson (VAN) for High sticking (Minor) at 7:21, Dmitry Kulikov (VAN) for Holding (Minor) at 10:19, Shane Doan (SJS) for Roughing (Minor) at 15:18

3rd period

5. Canucks , Phil Kessel 3 (Loui Eriksson, Mikko Koivu) at 15:36
6. Sharks , Johnny Boychuk 1 (Ian White, Andrew Shaw) at 19:58

Penalties :
Corey Perry (VAN) for Hooking (Minor) at 2:02, Shane Doan (SJS) for Boarding (Minor) at 12:16, Ryan Malone (SJS) for Hooking (Minor) at 16:37

Overtime #1

7. Canucks , Henrik Zetterberg 1 (Erik Karlsson, Valtteri Filppula) at 1:25

Penalties :
No Penalty

Goalie Stats

Henrik Lundqvist (VAN), 25 saves from 28 shots - (0.893), W, 2-0-1, 61:26 minutes
Brian Elliott (SJS), 28 saves from 32 shots - (0.875), OTL, 1-1-1, 60:29 minutes

Players Stats for Canucks

Player Name              G  A  P  +/- PIM S  H  SB GA TA FO     MP     PP MP  PK MP  
------------------------------------------------------------------------------------
Alex Pietrangelo         0  0  0   0  0   3  1  0  0  0  0/0    26:43   5:44   3:39 
Brandon Sutter           0  0  0   0  0   0  0  1  0  0  1/3     3:38   0:00   1:57 
Brooks Laich             0  1  1  -2  0   1  2  0  0  0  14/30  22:07   4:35   5:34 
Corey Perry              0  0  0   1  2   2  1  0  0  0  0/1    21:01   4:34   0:00 
Dmitry Kulikov           0  0  0   1  4   3  1  1  0  0  0/0    19:37   4:11   0:00 
Erik Karlsson            0  1  1   1  2   2  4  1  0  0  0/0    23:42   5:44   2:47 
Henrik Zetterberg        1  0  1   1  0   1  2  0  0  0  11/19  22:58   5:21   0:14 
Kris Russell             0  0  0   0  0   0  0  0  0  0  0/0     0:26   0:00   0:26 
Loui Eriksson            0  2  2   2  0   2  1  0  0  0  0/0    18:34   4:15   0:05 
Marco Scandella          0  0  0   0  0   3  0  3  0  0  0/0    13:48   0:00   1:28 
Matt Carle               0  0  0   0  0   5  2  1  0  0  0/0    22:57   4:11   4:16 
Maxime Talbot            1  0  1  -2  0   2  3  0  0  0  1/1    16:57   0:19   5:26 
Mikko Koivu              1  1  2   2  0   2  4  0  0  0  8/20   19:15   5:01   0:00 
Nick Foligno             0  0  0   0  0   0  0  0  0  0  0/0     0:00   0:00   0:00 
Phil Kessel              1  1  2   2  0   3  0  0  0  0  2/3    20:30   4:35   0:00 
Radek Martinek           0  0  0   0  0   1  0  3  0  0  0/0    15:36   0:00   3:16 
Ryan OReilly             0  1  1  -2  0   2  0  0  0  0  0/0    14:53   1:05   2:36 
Valtteri Filppula        0  1  1   1  0   0  1  0  0  0  0/0    16:28   0:00   0:00 

Players Stats for Sharks

Player Name              G  A  P  +/- PIM S  H  SB GA TA FO     MP     PP MP  PK MP  
------------------------------------------------------------------------------------
Alex Tanguay             0  0  0  -1  0   2  0  0  0  0  1/1    19:34   3:52   3:28 
Andrew Ference           0  2  2   1  0   0  2  3  0  0  0/0    23:07   3:30   4:16 
Andrew Shaw              0  1  1   0  2   4  4  0  0  0  0/0    17:18   3:52   0:46 
Eric Belanger            0  0  0   1  0   0  0  0  0  0  7/16   11:08   0:00   6:27 
Ian White                0  1  1  -1  0   0  0  3  0  0  0/0    25:22   4:26   5:23 
Jannik Hansen            1  0  1   1  0   2  3  1  0  0  1/1    11:08   0:00   6:27 
Jaromir Jagr             0  1  1   1  0   0  0  0  0  0  0/0     9:44   0:00   0:00 
Johan Franzen            0  0  0  -3  0   5  0  0  0  0  1/1    20:33   4:04   0:00 
Johnny Boychuk           1  0  1  -1  2   1  5  4  0  0  0/0    24:24   4:23   4:29 
Kyle Wellwood            0  0  0   2  0   1  0  0  0  0  3/5    10:11   0:00   0:00 
Lauri Korpikoski         0  1  1   1  0   0  0  0  0  0  0/3     7:23   0:00   2:42 
Mark Stuart              0  0  0  -1  0   1  7  0  0  0  0/0    17:37   0:03   4:53 
Matt Niskanen            0  0  0  -1  0   1  1  1  0  0  0/0    13:30   0:00   0:49 
Mike Ribeiro             0  0  0  -3  0   2  6  0  0  0  11/25  20:33   4:04   0:00 
Ryan Malone              1  0  1   1  2   1  2  0  0  0  0/0     9:43   0:00   0:00 
Shane Doan               0  0  0  -3  4   4  3  0  0  0  0/1    20:31   4:04   0:00 
Tomas Kaberle            0  0  0   1  0   2  0  0  0  0  0/0    18:51   3:30   0:00 
Tyler Bozak              0  0  0   0  0   2  0  0  0  0  16/24  16:33   3:52   0:00 

3 Stars

1 - Mikko Koivu (VAN)
2 - Phil Kessel (VAN)
3 - Jannik Hansen (SJS)

Power Play

Canucks - 0 on 5 Attempt(s) - 0.00%
Sharks - 0 on 4 Attempt(s) - 0.00%

Penalty Kill

Canucks - 4 on 4 Attempt(s) - 100.00% - Score 0 goal in Penalty Kill
Sharks - 5 on 5 Attempt(s) - 100.00% - Score 0 goal in Penalty Kill

Official

Referees : Kelly Sutherland and Brad Meier
Linesman : Mark Wheler and Mike Cvik

Game Notes

No Game Note

Finance

Level 1 -- Attendance: 6500 (100.00%) -- Ticket Income $650,000
Level 2 -- Attendance: 5000 (100.00%) -- Ticket Income $300,000
Level 3 -- Attendance: 3500 (100.00%) -- Ticket Income $122,500
Level 4 -- Attendance: 1496 (100.00%) -- Ticket Income $29,920
Luxury Box -- Attendance: 1000 (100.00%) -- Ticket Income $200,000
Game was played at the HP Pavilion center
Total Attendance: 17496 (100.00%)
Total Ticket Income: $1,302,420
Other Income: $195,363
Total Income: $1,497,783


% Time on Ice - Canucks

Lines # - Real PCT - Wanted PCT - Time Play
Normal Forward
1 - 38% - 36% - 16:28
2 - 33% - 32% - 14:14
3 - 25% - 25% - 10:37
4 - 4% - 7% - 1:41
Normal Defense
1 - 36% - 34% - 15:28
2 - 31% - 31% - 13:09
3 - 29% - 28% - 12:20
4 - 5% - 7% - 2:03
PP Forward
1 - 54% - 54% - 5:21
2 - 46% - 46% - 4:34
PP Defense
1 - 58% - 55% - 5:44
2 - 42% - 45% - 4:11
PK Forward
1 - 75% - 60% - 5:59
2 - 25% - 40% - 1:57
PK Defense
1 - 59% - 60% - 4:40
2 - 41% - 40% - 3:16
PK3 Forward
1 - 0% - 54%
2 - 0% - 46%
PK3 Defense
1 - 0% - 55%
2 - 0% - 45%
44 Forward
1 - 0% - 56%
2 - 0% - 44%
44 Defense
1 - 0% - 60%
2 - 0% - 40%
Last Minute Offensive  - 0:00
Last Minute Defensive  - 0:35
Total
Forward - 61:26
Defense - 61:26

% Time on Ice - Sharks

Lines # - Real PCT - Wanted PCT - Time Play
Normal Forward
1 - 38% - 40% - 16:29
2 - 28% - 30% - 12:14
3 - 23% - 20% - 9:44
4 - 11% - 10% - 4:41
Normal Defense
1 - 32% - 40% - 14:00
2 - 36% - 30% - 15:21
3 - 29% - 20% - 12:41
4 - 3% - 10% - 1:06
PP Forward
1 - 51% - 60% - 4:04
2 - 49% - 40% - 3:52
PP Defense
1 - 56% - 60% - 4:26
2 - 44% - 40% - 3:30
PK Forward
1 - 73% - 60% - 7:13
2 - 27% - 40% - 2:42
PK Defense
1 - 65% - 60% - 6:28
2 - 35% - 40% - 3:27
PK3 Forward
1 - 0% - 60%
2 - 0% - 40%
PK3 Defense
1 - 0% - 60%
2 - 0% - 40%
44 Forward
1 - 0% - 60%
2 - 0% - 40%
44 Defense
1 - 0% - 60%
2 - 0% - 40%
Last Minute Offensive  - 0:27
Last Minute Defensive  - 0:00
Total
Forward - 61:26
Defense - 61:26

Play by Play

1st period


0:01 of 1st period - Henrik Zetterberg wins face-off versus Mike Ribeiro in neutral zone.
0:17 of 1st period - Off-side.
0:18 of 1st period - Tyler Bozak wins face-off versus Mikko Koivu in neutral zone.
0:41 of 1st period - Andrew Shaw is hit by Erik Karlsson and loses puck.
1:02 of 1st period - Shot by Phil Kessel.
1:02 of 1st period - Shot Misses the Net.
1:04 of 1st period - Shot by Loui Eriksson.
1:04 of 1st period - Shot Misses the Net.
1:40 of 1st period - Brooks Laich is hit by Ryan Malone and loses puck.
2:54 of 1st period - Johnny Boychuk is hit by Corey Perry and loses puck.
3:15 of 1st period - Shot by Matt Carle.
3:15 of 1st period - Stopped by Brian Elliott without a rebound.
3:16 of 1st period - Eric Belanger wins face-off versus Brooks Laich in Sharks zone.
3:29 of 1st period - Shot by Eric Belanger.
3:29 of 1st period - Shot Misses the Net.
3:31 of 1st period - Shot by Tomas Kaberle.
3:31 of 1st period - Shot Misses the Net.
3:33 of 1st period - Shot by Lauri Korpikoski.
3:33 of 1st period - Shot Blocked by Radek Martinek.
3:35 of 1st period - Shot by Lauri Korpikoski.
3:35 of 1st period - Deflect By Jannik Hansen.
3:35 of 1st period - Shot Blocked by Marco Scandella.
3:41 of 1st period - Shot by Jannik Hansen.
3:41 of 1st period - Shot Blocked by Radek Martinek.
3:43 of 1st period - Shot by Lauri Korpikoski.
3:43 of 1st period - Shot Misses the Net.
3:45 of 1st period - Shot by Jannik Hansen.
3:45 of 1st period - Goal by Jannik Hansen - Canucks : 0 - Sharks : 1.
3:46 of 1st period - Tyler Bozak wins face-off versus Mikko Koivu in neutral zone.
5:09 of 1st period - Shot by Johan Franzen.
5:09 of 1st period - Deflect By Shane Doan.
5:09 of 1st period - Stopped by Henrik Lundqvist without a rebound.
5:10 of 1st period - Brooks Laich wins face-off versus Kyle Wellwood in Canucks zone.
5:17 of 1st period - Shot by Jaromir Jagr.
5:17 of 1st period - Shot Misses the Net.
5:19 of 1st period - Shot by Ryan Malone.
5:19 of 1st period - Goal by Ryan Malone - Canucks : 0 - Sharks : 2.
5:20 of 1st period - Brooks Laich wins face-off versus Mike Ribeiro in neutral zone.
5:55 of 1st period - Shot by Ryan OReilly.
5:55 of 1st period - Stopped by Brian Elliott with a rebound.
5:57 of 1st period - Shot by Brooks Laich.
5:57 of 1st period - Shot Misses the Net.
5:59 of 1st period - Shot by Maxime Talbot.
5:59 of 1st period - Shot Misses the Net.
6:20 of 1st period - Ian White is hit by Alex Pietrangelo and loses puck.
7:14 of 1st period - Corey Perry is hit by Jannik Hansen and loses puck.
7:58 of 1st period - Mikko Koivu is hit by Ryan Malone and loses puck.
8:50 of 1st period - Minor Penalty to Johnny Boychuk for Hooking.
8:51 of 1st period - Eric Belanger wins face-off versus Corey Perry in Sharks zone.
9:43 of 1st period - Henrik Zetterberg is hit by Mark Stuart and loses puck.
9:49 of 1st period - Henrik Zetterberg is hit by Mark Stuart and loses puck.
10:27 of 1st period - Shot by Erik Karlsson.
10:27 of 1st period - Shot Blocked by Matt Niskanen.
10:29 of 1st period - Shot by Ryan OReilly.
10:29 of 1st period - Stopped by Brian Elliott without a rebound.
10:30 of 1st period - Henrik Zetterberg wins face-off versus Eric Belanger in Sharks zone.
10:49 of 1st period - Shot by Henrik Zetterberg.
10:49 of 1st period - Shot Misses the Net.
10:51 of 1st period - Shot by Corey Perry.
10:51 of 1st period - Shot Misses the Net.
11:21 of 1st period - Marco Scandella is hit by Mike Ribeiro and loses puck.
11:51 of 1st period - Off-side.
11:52 of 1st period - Maxime Talbot wins face-off versus Tyler Bozak in neutral zone.
11:52 of 1st period - Alex Pietrangelo is hit by Andrew Shaw.
12:04 of 1st period - Minor Penalty to Andrew Shaw for Roughing.
12:05 of 1st period - Brooks Laich wins face-off versus Eric Belanger in Sharks zone.
12:12 of 1st period - Shot by Dmitry Kulikov.
12:12 of 1st period - Stopped by Brian Elliott without a rebound.
12:13 of 1st period - Eric Belanger wins face-off versus Brooks Laich in Sharks zone.
12:13 of 1st period - Eric Belanger is hit by Brooks Laich.
13:11 of 1st period - Shot by Jannik Hansen.
13:11 of 1st period - Stopped by Henrik Lundqvist without a rebound.
13:12 of 1st period - Phil Kessel wins face-off versus Lauri Korpikoski in Canucks zone.
14:15 of 1st period - Mike Ribeiro is hit by Maxime Talbot and loses puck.
14:28 of 1st period - Shot by Ryan OReilly.
14:28 of 1st period - Shot Misses the Net.
14:30 of 1st period - Shot by Maxime Talbot.
14:30 of 1st period - Goal by Maxime Talbot - Canucks : 1 - Sharks : 2.
14:31 of 1st period - Henrik Zetterberg wins face-off versus Tyler Bozak in neutral zone.
14:41 of 1st period - Valtteri Filppula is hit by Johnny Boychuk and loses puck.
15:33 of 1st period - Shot by Loui Eriksson.
15:33 of 1st period - Shot Misses the Net.
15:35 of 1st period - Shot by Marco Scandella.
15:35 of 1st period - Stopped by Brian Elliott with a rebound.
15:37 of 1st period - Shot by Marco Scandella.
15:37 of 1st period - Stopped by Brian Elliott without a rebound.
15:38 of 1st period - Brooks Laich wins face-off versus Mike Ribeiro in Sharks zone.
15:38 of 1st period - Erik Karlsson is hit by Andrew Ference and loses puck.
15:48 of 1st period - Icing by Johan Franzen.
15:49 of 1st period - Mike Ribeiro wins face-off versus Brooks Laich in Sharks zone.
15:49 of 1st period - Mike Ribeiro is hit by Maxime Talbot.
15:55 of 1st period - Alex Pietrangelo is hit by Mike Ribeiro and loses puck.
16:14 of 1st period - Icing by Mike Ribeiro.
16:15 of 1st period - Mike Ribeiro wins face-off versus Mikko Koivu in Sharks zone.
17:04 of 1st period - Erik Karlsson is hit by Mark Stuart and loses puck.
18:03 of 1st period - Tyler Bozak is hit by Dmitry Kulikov and loses puck.
18:07 of 1st period - Minor Penalty to Dmitry Kulikov for Roughing.
18:08 of 1st period - Mike Ribeiro wins face-off versus Brooks Laich in Canucks zone.
18:13 of 1st period - Shot by Shane Doan.
18:13 of 1st period - Deflect By Johan Franzen.
18:13 of 1st period - Stopped by Henrik Lundqvist without a rebound.
18:14 of 1st period - Brooks Laich wins face-off versus Tyler Bozak in Canucks zone.
18:27 of 1st period - Shot by Andrew Shaw.
18:27 of 1st period - Stopped by Henrik Lundqvist with a rebound.
18:37 of 1st period - Shot by Ian White.
18:37 of 1st period - Shot Misses the Net.
18:55 of 1st period - Erik Karlsson is hit by Andrew Shaw and loses puck.
19:11 of 1st period - Brooks Laich is hit by Mike Ribeiro and loses puck.

2nd period


0:01 of 2nd period - Brooks Laich wins face-off versus Mike Ribeiro in neutral zone.
0:13 of 2nd period - Icing by Tomas Kaberle.
0:14 of 2nd period - Henrik Zetterberg wins face-off versus Tyler Bozak in Sharks zone.
0:44 of 2nd period - Shot by Andrew Shaw.
0:44 of 2nd period - Stopped by Henrik Lundqvist without a rebound.
0:45 of 2nd period - Mikko Koivu wins face-off versus Mike Ribeiro in Canucks zone.
0:50 of 2nd period - Johnny Boychuk is hit by Loui Eriksson and loses puck.
1:08 of 2nd period - Mikko Koivu is hit by Johnny Boychuk and loses puck.
1:19 of 2nd period - Shot by Mikko Koivu.
1:19 of 2nd period - Goal by Mikko Koivu - Canucks : 2 - Sharks : 2.
1:20 of 2nd period - Tyler Bozak wins face-off versus Henrik Zetterberg in neutral zone.
1:20 of 2nd period - Tyler Bozak is hit by Valtteri Filppula.
1:37 of 2nd period - Shot by Andrew Shaw.
1:37 of 2nd period - Shot Misses the Net.
1:39 of 2nd period - Shot by Tyler Bozak.
1:39 of 2nd period - Deflect By Andrew Shaw.
1:39 of 2nd period - Shot Blocked by Erik Karlsson.
1:47 of 2nd period - Shot by Andrew Shaw.
1:47 of 2nd period - Shot Misses the Net.
3:11 of 2nd period - Alex Pietrangelo is hit by Matt Niskanen and loses puck.
3:24 of 2nd period - Shot by Mike Ribeiro.
3:24 of 2nd period - Shot Blocked by Marco Scandella.
3:38 of 2nd period - Maxime Talbot is hit by Mark Stuart and loses puck.
6:18 of 2nd period - Shot by Ryan Malone.
6:18 of 2nd period - Shot Blocked by Marco Scandella.
6:52 of 2nd period - Shot by Alex Tanguay.
6:52 of 2nd period - Shot Blocked by Matt Carle.
6:55 of 2nd period - Icing by Erik Karlsson.
6:56 of 2nd period - Mike Ribeiro wins face-off versus Henrik Zetterberg in Canucks zone.
7:00 of 2nd period - Johan Franzen is hit by Matt Carle and loses puck.
7:21 of 2nd period - Minor Penalty to Erik Karlsson for High sticking.
7:22 of 2nd period - Tyler Bozak wins face-off versus Brooks Laich in Canucks zone.
8:17 of 2nd period - Shot by Johan Franzen.
8:17 of 2nd period - Stopped by Henrik Lundqvist without a rebound.
8:18 of 2nd period - Brandon Sutter wins face-off versus Mike Ribeiro in Canucks zone.
8:39 of 2nd period - Shot by Andrew Ference.
8:39 of 2nd period - Shot Misses the Net.
9:17 of 2nd period - Shot by Andrew Shaw.
9:17 of 2nd period - Stopped by Henrik Lundqvist without a rebound.
9:18 of 2nd period - Mike Ribeiro wins face-off versus Brandon Sutter in Canucks zone.
9:21 of 2nd period - Shot by Shane Doan.
9:21 of 2nd period - Stopped by Henrik Lundqvist with a rebound.
9:33 of 2nd period - Shot by Ryan Malone.
9:33 of 2nd period - Shot Misses the Net.
9:41 of 2nd period - Shot by Ryan Malone.
9:41 of 2nd period - Shot Blocked by Radek Martinek.
9:43 of 2nd period - Shot by Mark Stuart.
9:43 of 2nd period - Stopped by Henrik Lundqvist without a rebound.
9:44 of 2nd period - Henrik Zetterberg wins face-off versus Shane Doan in Canucks zone.
9:50 of 2nd period - Off-side.
9:51 of 2nd period - Henrik Zetterberg wins face-off versus Mike Ribeiro in neutral zone.
10:17 of 2nd period - Valtteri Filppula is hit by Shane Doan and loses puck.
10:19 of 2nd period - Minor Penalty to Dmitry Kulikov for Holding.
10:20 of 2nd period - Brooks Laich wins face-off versus Tyler Bozak in Canucks zone.
10:26 of 2nd period - Icing by Alex Tanguay.
10:27 of 2nd period - Tyler Bozak wins face-off versus Brooks Laich in Sharks zone.
10:46 of 2nd period - Shot by Tomas Kaberle.
10:46 of 2nd period - Shot Misses the Net.
10:48 of 2nd period - Shot by Tomas Kaberle.
10:48 of 2nd period - Stopped by Henrik Lundqvist without a rebound.
10:49 of 2nd period - Brooks Laich wins face-off versus Mike Ribeiro in Canucks zone.
10:49 of 2nd period - Brooks Laich is hit by Shane Doan.
11:05 of 2nd period - Shot by Mike Ribeiro.
11:05 of 2nd period - Stopped by Henrik Lundqvist without a rebound.
11:06 of 2nd period - Tyler Bozak wins face-off versus Brooks Laich in Canucks zone.
11:23 of 2nd period - Shot by Tomas Kaberle.
11:23 of 2nd period - Stopped by Henrik Lundqvist without a rebound.
11:24 of 2nd period - Brooks Laich wins face-off versus Mike Ribeiro in Canucks zone.
11:24 of 2nd period - Brooks Laich is hit by Shane Doan.
11:44 of 2nd period - Shot by Shane Doan.
11:44 of 2nd period - Shot Blocked by Brandon Sutter.
12:06 of 2nd period - Shot by Johan Franzen.
12:06 of 2nd period - Stopped by Henrik Lundqvist without a rebound.
12:07 of 2nd period - Brooks Laich wins face-off versus Tyler Bozak in Canucks zone.
14:11 of 2nd period - Shot by Maxime Talbot.
14:11 of 2nd period - Stopped by Brian Elliott without a rebound.
14:12 of 2nd period - Mike Ribeiro wins face-off versus Brooks Laich in Sharks zone.
14:12 of 2nd period - Mike Ribeiro is hit by Brooks Laich.
14:17 of 2nd period - Johan Franzen is hit by Maxime Talbot and loses puck.
14:38 of 2nd period - Shot by Brooks Laich.
14:38 of 2nd period - Stopped by Brian Elliott without a rebound.
14:39 of 2nd period - Tyler Bozak wins face-off versus Mikko Koivu in Sharks zone.
14:39 of 2nd period - Tyler Bozak is hit by Mikko Koivu.
14:44 of 2nd period - Icing by Tomas Kaberle.
14:45 of 2nd period - Tyler Bozak wins face-off versus Mikko Koivu in Sharks zone.
15:12 of 2nd period - Shot by Tyler Bozak.
15:12 of 2nd period - Stopped by Henrik Lundqvist without a rebound.
15:13 of 2nd period - Henrik Zetterberg wins face-off versus Mike Ribeiro in Canucks zone.
15:13 of 2nd period - Henrik Zetterberg is hit by Mike Ribeiro.
15:16 of 2nd period - Matt Carle is hit by Mike Ribeiro and loses puck.
15:18 of 2nd period - Minor Penalty to Shane Doan for Roughing.
15:19 of 2nd period - Jannik Hansen wins face-off versus Brooks Laich in Sharks zone.
15:28 of 2nd period - Erik Karlsson is hit by Jannik Hansen and loses puck.
15:54 of 2nd period - Shot by Erik Karlsson.
15:54 of 2nd period - Shot Misses the Net.
15:56 of 2nd period - Shot by Loui Eriksson.
15:56 of 2nd period - Stopped by Brian Elliott without a rebound.
15:57 of 2nd period - Mikko Koivu wins face-off versus Lauri Korpikoski in Sharks zone.
16:16 of 2nd period - Shot by Mikko Koivu.
16:16 of 2nd period - Stopped by Brian Elliott without a rebound.
16:17 of 2nd period - Eric Belanger wins face-off versus Mikko Koivu in Sharks zone.
16:17 of 2nd period - Eric Belanger is hit by Mikko Koivu.
16:26 of 2nd period - Icing by Erik Karlsson.
16:27 of 2nd period - Mikko Koivu wins face-off versus Eric Belanger in Canucks zone.
17:57 of 2nd period - Icing by Marco Scandella.
17:58 of 2nd period - Tyler Bozak wins face-off versus Brooks Laich in Canucks zone.
18:03 of 2nd period - Shot by Alex Tanguay.
18:03 of 2nd period - Shot Misses the Net.
18:14 of 2nd period - Off-side.
18:15 of 2nd period - Kyle Wellwood wins face-off versus Henrik Zetterberg in neutral zone.
19:25 of 2nd period - Matt Carle is hit by Mike Ribeiro and loses puck.
19:36 of 2nd period - Shot by Shane Doan.
19:36 of 2nd period - Stopped by Henrik Lundqvist without a rebound.
19:37 of 2nd period - Tyler Bozak wins face-off versus Mikko Koivu in Canucks zone.

3rd period


0:01 of 3rd period - Mike Ribeiro wins face-off versus Mikko Koivu in neutral zone.
0:14 of 3rd period - Shot by Mike Ribeiro.
0:14 of 3rd period - Shot Blocked by Dmitry Kulikov.
0:16 of 3rd period - Shot by Shane Doan.
0:16 of 3rd period - Shot Misses the Net.
1:09 of 3rd period - Shot by Alex Tanguay.
1:09 of 3rd period - Shot Misses the Net.
1:11 of 3rd period - Shot by Andrew Ference.
1:11 of 3rd period - Shot Misses the Net.
2:02 of 3rd period - Minor Penalty to Corey Perry for Hooking.
2:03 of 3rd period - Johan Franzen wins face-off versus Brooks Laich in Canucks zone.
2:04 of 3rd period - Shot by Johnny Boychuk.
2:04 of 3rd period - Deflect By Johan Franzen.
2:04 of 3rd period - Stopped by Henrik Lundqvist with a rebound.
2:06 of 3rd period - Shot by Johnny Boychuk.
2:06 of 3rd period - Shot Misses the Net.
2:30 of 3rd period - Shot by Johan Franzen.
2:30 of 3rd period - Stopped by Henrik Lundqvist without a rebound.
2:31 of 3rd period - Tyler Bozak wins face-off versus Brooks Laich in Canucks zone.
2:32 of 3rd period - Shot by Alex Tanguay.
2:32 of 3rd period - Deflect By Tyler Bozak.
2:32 of 3rd period - Stopped by Henrik Lundqvist without a rebound.
2:33 of 3rd period - Tyler Bozak wins face-off versus Brooks Laich in Canucks zone.
2:36 of 3rd period - Shot by Andrew Shaw.
2:36 of 3rd period - Stopped by Henrik Lundqvist with a rebound.
4:01 of 3rd period - Shot by Johan Franzen.
4:01 of 3rd period - Shot Misses the Net.
4:53 of 3rd period - Matt Carle is hit by Jannik Hansen.
5:01 of 3rd period - Mark Stuart is hit by Erik Karlsson and loses puck.
5:12 of 3rd period - Jannik Hansen is hit by Mikko Koivu and loses puck.
5:28 of 3rd period - Icing by Dmitry Kulikov.
5:29 of 3rd period - Mike Ribeiro wins face-off versus Henrik Zetterberg in Canucks zone.
5:38 of 3rd period - Shot by Mike Ribeiro.
5:38 of 3rd period - Shot Misses the Net.
5:55 of 3rd period - Valtteri Filppula is hit by Johnny Boychuk and loses puck.
7:07 of 3rd period - Shot by Phil Kessel.
7:07 of 3rd period - Stopped by Brian Elliott without a rebound.
7:08 of 3rd period - Kyle Wellwood wins face-off versus Brandon Sutter in Sharks zone.
7:26 of 3rd period - Tomas Kaberle is hit by Henrik Zetterberg and loses puck.
7:31 of 3rd period - Shot by Phil Kessel.
7:31 of 3rd period - Stopped by Brian Elliott with a rebound.
7:33 of 3rd period - Shot by Phil Kessel.
7:33 of 3rd period - Shot Blocked by Andrew Ference.
7:35 of 3rd period - Shot by Brandon Sutter.
7:35 of 3rd period - Shot Blocked by Andrew Ference.
7:41 of 3rd period - Shot by Phil Kessel.
7:41 of 3rd period - Shot Misses the Net.
8:11 of 3rd period - Shot by Alex Tanguay.
8:11 of 3rd period - Stopped by Henrik Lundqvist without a rebound.
8:12 of 3rd period - Brooks Laich wins face-off versus Eric Belanger in Canucks zone.
8:30 of 3rd period - Shot by Brooks Laich.
8:30 of 3rd period - Shot Misses the Net.
8:32 of 3rd period - Shot by Marco Scandella.
8:32 of 3rd period - Stopped by Brian Elliott without a rebound.
8:33 of 3rd period - Mikko Koivu wins face-off versus Tyler Bozak in Sharks zone.
8:43 of 3rd period - Icing by Johnny Boychuk.
8:44 of 3rd period - Tyler Bozak wins face-off versus Henrik Zetterberg in Sharks zone.
9:01 of 3rd period - Shot by Valtteri Filppula.
9:01 of 3rd period - Shot Misses the Net.
9:03 of 3rd period - Shot by Alex Pietrangelo.
9:03 of 3rd period - Stopped by Brian Elliott without a rebound.
9:04 of 3rd period - Mike Ribeiro wins face-off versus Brooks Laich in Sharks zone.
9:18 of 3rd period - Shot by Brooks Laich.
9:18 of 3rd period - Shot Misses the Net.
10:15 of 3rd period - Off-side.
10:16 of 3rd period - Henrik Zetterberg wins face-off versus Kyle Wellwood in neutral zone.
10:18 of 3rd period - Alex Pietrangelo is hit by Mark Stuart and loses puck.
10:40 of 3rd period - Shot by Kyle Wellwood.
10:40 of 3rd period - Stopped by Henrik Lundqvist without a rebound.
10:41 of 3rd period - Tyler Bozak wins face-off versus Mikko Koivu in Canucks zone.
11:03 of 3rd period - Shot by Loui Eriksson.
11:03 of 3rd period - Stopped by Brian Elliott with a rebound.
11:05 of 3rd period - Shot by Radek Martinek.
11:05 of 3rd period - Stopped by Brian Elliott without a rebound.
11:06 of 3rd period - Henrik Zetterberg wins face-off versus Mike Ribeiro in Sharks zone.
11:13 of 3rd period - Shot by Henrik Zetterberg.
11:13 of 3rd period - Shot Blocked by Andrew Ference.
11:15 of 3rd period - Shot by Dmitry Kulikov.
11:15 of 3rd period - Stopped by Brian Elliott without a rebound.
11:16 of 3rd period - Henrik Zetterberg wins face-off versus Mike Ribeiro in Sharks zone.
11:21 of 3rd period - Shot by Corey Perry.
11:21 of 3rd period - Shot Misses the Net.
11:23 of 3rd period - Shot by Alex Pietrangelo.
11:23 of 3rd period - Stopped by Brian Elliott with a rebound.
11:25 of 3rd period - Shot by Dmitry Kulikov.
11:25 of 3rd period - Shot Hit the Post.
11:53 of 3rd period - Alex Pietrangelo is hit by Johnny Boychuk and loses puck.
11:59 of 3rd period - Icing by Mike Ribeiro.
12:00 of 3rd period - Mike Ribeiro wins face-off versus Mikko Koivu in Sharks zone.
12:00 of 3rd period - Mike Ribeiro is hit by Mikko Koivu.
12:16 of 3rd period - Minor Penalty to Shane Doan for Boarding.
12:17 of 3rd period - Brooks Laich wins face-off versus Eric Belanger in Sharks zone.
12:17 of 3rd period - Alex Pietrangelo is hit by Mark Stuart and loses puck.
12:20 of 3rd period - Shot by Erik Karlsson.
12:20 of 3rd period - Shot Misses the Net.
12:54 of 3rd period - Shot by Erik Karlsson.
12:54 of 3rd period - Stopped by Brian Elliott without a rebound.
12:55 of 3rd period - Mikko Koivu wins face-off versus Lauri Korpikoski in Sharks zone.
12:56 of 3rd period - Shot by Matt Carle.
12:56 of 3rd period - Stopped by Brian Elliott without a rebound.
12:57 of 3rd period - Eric Belanger wins face-off versus Phil Kessel in Sharks zone.
13:16 of 3rd period - Shot by Dmitry Kulikov.
13:16 of 3rd period - Stopped by Brian Elliott with a rebound.
13:26 of 3rd period - Shot by Mikko Koivu.
13:26 of 3rd period - Shot Blocked by Johnny Boychuk.
13:28 of 3rd period - Shot by Matt Carle.
13:28 of 3rd period - Stopped by Brian Elliott with a rebound.
13:30 of 3rd period - Shot by Dmitry Kulikov.
13:30 of 3rd period - Shot Blocked by Ian White.
13:38 of 3rd period - Shot by Mikko Koivu.
13:38 of 3rd period - Shot Blocked by Jannik Hansen.
14:18 of 3rd period - Shot by Corey Perry.
14:18 of 3rd period - Stopped by Brian Elliott without a rebound.
14:19 of 3rd period - Brooks Laich wins face-off versus Mike Ribeiro in Sharks zone.
14:38 of 3rd period - Shot by Johan Franzen.
14:38 of 3rd period - Shot Misses the Net.
14:40 of 3rd period - Shot by Mike Ribeiro.
14:40 of 3rd period - Shot Misses the Net.
14:42 of 3rd period - Shot by Mike Ribeiro.
14:42 of 3rd period - Stopped by Henrik Lundqvist with a rebound.
14:44 of 3rd period - Shot by Matt Niskanen.
14:44 of 3rd period - Stopped by Henrik Lundqvist without a rebound.
14:45 of 3rd period - Henrik Zetterberg wins face-off versus Tyler Bozak in Canucks zone.
14:45 of 3rd period - Erik Karlsson is hit by Andrew Shaw and loses puck.
14:54 of 3rd period - Corey Perry is hit by Andrew Ference and loses puck.
14:57 of 3rd period - Shot by Corey Perry.
14:57 of 3rd period - Stopped by Brian Elliott with a rebound.
14:59 of 3rd period - Shot by Erik Karlsson.
14:59 of 3rd period - Shot Misses the Net.
15:01 of 3rd period - Shot by Erik Karlsson.
15:01 of 3rd period - Stopped by Brian Elliott without a rebound.
15:02 of 3rd period - Phil Kessel wins face-off versus Mike Ribeiro in Sharks zone.
15:03 of 3rd period - Shot by Loui Eriksson.
15:03 of 3rd period - Shot Blocked by Johnny Boychuk.
15:36 of 3rd period - Shot by Phil Kessel.
15:36 of 3rd period - Goal by Phil Kessel - Canucks : 3 - Sharks : 2.
15:37 of 3rd period - Alex Tanguay wins face-off versus Henrik Zetterberg in neutral zone.
15:41 of 3rd period - Tomas Kaberle is hit by Matt Carle and loses puck.
16:00 of 3rd period - Shot by Alex Tanguay.
16:00 of 3rd period - Stopped by Henrik Lundqvist without a rebound.
16:01 of 3rd period - Kyle Wellwood wins face-off versus Brooks Laich in Canucks zone.
16:11 of 3rd period - Ryan OReilly is hit by Mark Stuart and loses puck.
16:26 of 3rd period - Shot by Ryan Malone.
16:26 of 3rd period - Shot Misses the Net.
16:37 of 3rd period - Minor Penalty to Ryan Malone for Hooking.
16:38 of 3rd period - Mikko Koivu wins face-off versus Eric Belanger in Sharks zone.
16:44 of 3rd period - Mikko Koivu is hit by Johnny Boychuk and loses puck.
17:49 of 3rd period - Shot by Matt Carle.
17:49 of 3rd period - Stopped by Brian Elliott without a rebound.
17:50 of 3rd period - Eric Belanger wins face-off versus Brooks Laich in Sharks zone.
18:08 of 3rd period - Icing by Matt Carle.
18:09 of 3rd period - Brooks Laich wins face-off versus Eric Belanger in Canucks zone.
18:14 of 3rd period - Shot by Dmitry Kulikov.
18:14 of 3rd period - Shot Blocked by Johnny Boychuk.
18:16 of 3rd period - Shot by Brooks Laich.
18:16 of 3rd period - Shot Misses the Net.
18:18 of 3rd period - Shot by Matt Carle.
18:18 of 3rd period - Shot Blocked by Johnny Boychuk.
18:20 of 3rd period - Shot by Corey Perry.
18:20 of 3rd period - Shot Blocked by Ian White.
18:22 of 3rd period - Shot by Dmitry Kulikov.
18:22 of 3rd period - Shot Blocked by Ian White.
18:24 of 3rd period - Shot by Matt Carle.
18:24 of 3rd period - Stopped by Brian Elliott without a rebound.
18:25 of 3rd period - Mikko Koivu wins face-off versus Eric Belanger in Sharks zone.
18:26 of 3rd period - Shot by Alex Pietrangelo.
18:26 of 3rd period - Stopped by Brian Elliott without a rebound.
18:27 of 3rd period - Mikko Koivu wins face-off versus Eric Belanger in Sharks zone.
18:53 of 3rd period - Shot by Johan Franzen.
18:53 of 3rd period - Shot Misses the Net.
18:55 of 3rd period - Shot by Mike Ribeiro.
18:55 of 3rd period - Shot Misses the Net.
19:01 of 3rd period - Sharks, Brian Elliott is pulled from the net.
19:58 of 3rd period - Shot by Johnny Boychuk.
19:58 of 3rd period - Goal by Johnny Boychuk - Canucks : 3 - Sharks : 3.
19:58 of 3rd period - Brian Elliott from Sharks was sent back in the game.
19:59 of 3rd period - Eric Belanger wins face-off versus Mikko Koivu in neutral zone.

Overtime #1


0:01 of 1st overtime period - Mike Ribeiro wins face-off versus Henrik Zetterberg in neutral zone.
0:05 of 1st overtime period - Shane Doan is hit by Erik Karlsson.
0:08 of 1st overtime period - Mike Ribeiro is hit by Erik Karlsson.
0:18 of 1st overtime period - Shot by Shane Doan.
0:18 of 1st overtime period - Stopped by Henrik Lundqvist without a rebound.
0:19 of 1st overtime period - Tyler Bozak wins face-off versus Mikko Koivu in Canucks zone.
0:57 of 1st overtime period - Icing by Andrew Ference.
0:58 of 1st overtime period - Tyler Bozak wins face-off versus Henrik Zetterberg in Sharks zone.
0:58 of 1st overtime period - Tyler Bozak is hit by Henrik Zetterberg.
1:04 of 1st overtime period - Valtteri Filppula is hit by Andrew Shaw and loses puck.
1:25 of 1st overtime period - Shot by Henrik Zetterberg.
1:25 of 1st overtime period - Goal by Henrik Zetterberg - Canucks : 4 - Sharks : 3.


Output by the SimonT Hockey Simulator (STHS) for Stephane Roy -- Original Page W3C XHTML 1.0 Valid
Hockey Simulator - Hockey Simulation - Hockey Manager